 Dungeon Crawl Stone Soup version 0.29-a0-321-gf1c400731a (webtiles) character file.

Game seed: 1208747591224394000

6 bande the Covered (level 1, -1/14 HPs)
             Began as a Gargoyle Fighter on Apr 4, 2022.
             Slain by a quokka (4 damage)
             ... on level 1 of the Dungeon.
             The game lasted 00:00:24 (207 turns).

bande the Covered (Gargoyle Fighter)                 Turns: 207, Time: 00:00:24

Health: -1/14      AC:  9    Str: 19    XL:     1   Next: 90%
Magic:  1/1        EV:  9    Int:  8    God:
Gold:   11         SH:  4    Dex:  9    Spells: 0/0 levels left

rFire   . . .      SeeInvis .   a - +0 war axe
rCold   . . .      Faith    .   c - +0 buckler
rNeg    + . .      Spirit   .   b - +0 scale mail
rPois   ∞          Reflect  .   (no helmet)
rElec   +          Harm     .   (no cloak)
rCorr   .          Rampage  .   (no gloves)
Will    .....                   (no boots)
Stlth   ..........              (no amulet)
HPRegen 0.04/turn               (no ring)
MPRegen 0.07/turn               (no ring)

@: no status effects
A: sickness immunity, AC +2, negative energy resistance 1, electricity
resistance, torment resistance 1, petrification resistance
a: no special abilities


You were on level 1 of the Dungeon.
You visited 1 branch of the dungeon, and saw 1 of its levels.

You collected 11 gold pieces.

Inventory:

Hand Weapons
 a - a +0 war axe (weapon)
Armour
 b - a +0 scale mail (worn)
 c - a +0 buckler (worn)
Jewellery
 e - a +4 ring of protection
Scrolls
 f - a scroll of vulnerability {unknown}
Potions
 d - a potion of might


   Skills:
 + Level 3.4 Fighting
 + Level 1.8 Axes
 + Level 3.5 Armour
 + Level 3.3 Shields


You couldn't memorise any spells.
You didn't know any spells.
Your spell library was empty.

Dungeon Overview and Level Annotations

Branches:
Dungeon (1/15)

Altars:


Innate Abilities, Weirdness & Mutations

You are immune to sickness and miasma.
Your stone body is resilient. (AC +2)
You are immune to poison.
You resist negative energy. (rN+)
You are resistant to electric shocks. (rElec)
You are resistant to unholy torment.
You are immune to petrification.


Message History

You are too injured to fight recklessly!
You are too injured to fight recklessly!
You are too injured to fight recklessly!
You are too injured to fight recklessly!
You are too injured to fight recklessly!
You are too injured to fight recklessly!
You are too injured to fight recklessly!
You are too injured to fight recklessly!
Unknown command.
You miss the frilled lizard. You closely miss the quokka.
A ball python comes into view.
The quokka bites you but does no damage.
You block the frilled lizard's attack. The quokka closely misses you.
The frilled lizard bites you but does no damage.
Unknown command.
You miss the frilled lizard. You closely miss the quokka.
The ball python hisses angrily.
The quokka completely misses you. The frilled lizard barely misses you.
Unknown command.
You closely miss the frilled lizard. You closely miss the quokka.
The quokka barely misses you. The frilled lizard closely misses you.
The quokka barely misses you.
You slash the frilled lizard!
You kill the frilled lizard!
You hit the quokka but do no damage. The quokka bites you.
* * * LOW HITPOINT WARNING * * *
You block the quokka's attack.
Unknown command.
You closely miss the ball python. You miss the quokka.
The ball python barely misses you. x2; The quokka barely misses you. x2
The ball python barely misses you. The ball python grabs you.
The ball python constricts you.
* * * LOW HITPOINT WARNING * * *
Unknown command.
You slash the ball python!
You kill the ball python!
You closely miss the quokka.
The quokka bites you but does no damage.
The quokka bites you.
You die...

..######## ..........
...... ..##########
#....# #..........#
#....###. ##########.#
####...?....
#<.≈≈≈≈≈P#.#
#...........
###..≈≈≈≈#.#
#......$....
#≈.≈≈≈≈P#.#
#...........
#.≈≈≈≈≈P#.###..@r†..##
#≈.≈≈≈≈≈#............+
##.≈≈≈≈P####..[......#
##.≈≈≈≈≈≈#............#
#.≈≈≈≈PP≈#............#
#P.≈≈≈≈≈P#....!.......#
#.≈≈≈≈≈≈≈#.....[......#
##.≈≈≈≈P≈##############
##.≈≈≈≈≈#


You could see a quokka.

Vanquished Creatures
  An endoplasm (D:1)
  A kobold (D:1)
  2 ball pythons (D:1)
  2 frilled lizards (D:1)
  A rat (D:1)
7 creatures vanquished.

Vanquished Creatures (others)
  A demonic plant (D:1)
  2 fungi (D:1)
  2 withered plants (D:1)
5 creatures vanquished.

Grand Total: 12 creatures vanquished

Notes
Turn   | Place    | Note
-------+----------+-------------------------------------------
     0 | D:1      | bande the Gargoyle Fighter began the quest for the Orb.
     0 | D:1      | Reached XP level 1. HP: 14/14 MP: 1/1
   121 | D:1      | Found a faded altar of an unknown god.
   207 | D:1      | Slain by a quokka

Illustrated notes

Levels and vault maps discovered:
D:1:      lightli_arrival_windingriver, layout_basic, serial_shops, shop,
          shapermc_ecumenical_altar_gd

Action                   || total
-------------------------++-------
Melee: War axe           ||    22
Armor: Scale mail        ||    11
Dodge: Dodged            ||    21
Block: Buckler           ||     9

Table legend: (Time is in decaauts)
 A = Elapsed time spent in this place.
 B = Non-inter-level travel time spent in this place.
 C = Inter-level travel time spent in this place.
 D = Time resting spent in this place.
 E = Time spent auto-exploring this place.
 F = Levels seen in this place.
 G = Mean time per level.
                   A        B        C        D        E       F      G
               +--------+--------+--------+--------+--------+-----+--------+
         Total |    219 |    219 |      0 |      0 |    154 |   1 |  219.0 |
       Dungeon |    219 |    219 |      0 |      0 |    154 |   1 |  219.0 |
               +--------+--------+--------+--------+--------+-----+--------+

Top non-repeatable levels by time:
     D:1: 219 daAuts
